 Dungeon Crawl Stone Soup version 0.31.0-12-g77e489cdc1 (webtiles) character file.

Game seed: 5083543854831949642

27 Killerpretzel the Changeling (level 3, -5/21 (23) HPs)
             Began as an Octopode Shapeshifter on Mar 5, 2024.
             Slain by Terence
             ... wielding the +7 Throatcutter {drain, coup de grace}
              (8 damage)
             ... on level 2 of the Dungeon on Mar 6, 2024.
             The game lasted 00:01:36 (929 turns).

Killerpretzel the Changeling (Octopode Shapeshifter) Turns: 929, Time: 00:01:37

HP:   -5/21 (23)    AC:  1    Str: 13    XL:     3   Next: 10%
MP:   3/3           EV: 13    Int: 12    God:
Gold: 52            SH:  0    Dex: 13    Spells: 2/2 levels left

rFire   . .          .
                       - Unarmed
rCold   . . .        (no shield)
rNeg    . . .        (helmet currently unavailable)
rPois   .            h - amulet of the acrobat
rElec   .            (no ring)
rCorr   .            (no ring)
SInv    .            (no ring)
Will    .....        (no ring)
Stlth   ++           (no ring)
HPRegen 0.23/turn    (no ring)
MPRegen 0.08/turn    (no ring)
                     (no ring)

%: acrobat
@: beast-form, drained
A: beast (slay +1), almost no armour, amphibious, 8 rings, camouflage 1,
gelatinous body 1, (nimble swimmer 1), tentacles
a: Begin Untransformation


You were on level 2 of the Dungeon.
You were a hulking beast.
You visited 1 branch of the dungeon, and saw 2 of its levels.

You collected 52 gold pieces.

Inventory:

Jewellery
 h - an amulet of the acrobat (around mantle)
Talismans
 b - a beast talisman
 c - a flux talisman
Scrolls
 d - a scroll of identify
Potions
 a - a potion of lignification
 e - a potion of invisibility
 f - a potion of brilliance {unknown}
 i - a potion of curing {unknown}


   Skills:
 + Level 1.4 Fighting
 + Level 2.3 Dodging
 + Level 3.2 Unarmed Combat
 * Level 3.4 Shapeshifting


You had 2 spell levels left.
You didn't know any spells.
Your spell library was empty.

Dungeon Overview and Level Annotations

Branches:
Dungeon (2/15)

Altars:

Annotations:
D:2 Terence


Innate Abilities, Weirdness & Mutations

You are a hulking beast.
Your limbs bulge with bestial killing power. (Slay +1)
You cannot wear most types of armour.
You are amphibious.
You can wear up to eight rings at the same time.
Your skin changes colour to match your surroundings (Stealth+).
Your rubbery body absorbs attacks. (AC +1, EV +1)
((You are camouflaged when in or above water. (Stealth+)))
You have tentacles for arms and can constrict up to eight enemies at once.


Message History

There is a stone staircase leading up here.
No target in view!
No target in view!
No target in view!
No target in view!
No target in view!
No target in view!
No target in view!
No target in view!
No target in view!
No target in view!
d - a scroll of identify No target in view!
No target in view!
No target in view!
No target in view!
No target in view!
No target in view!
No target in view!
No target in view!
No target in view!
No target in view!
Terence the Incautious comes into view.
He is wielding the +7 Throatcutter {drain, coup de grace}.
Marking area around Terence as unsafe for travelling.
The helpless Terence fails to defend himself.
You tentacle-slap Terence but do no damage.
Your grab misses Terence.
Your tentacle-slap misses Terence.
You tentacle-slap Terence but do no damage.
You grab Terence.
You constrict Terence, but do no damage.
Terence hits you with the +7 Throatcutter {drain, coup de grace}!
Ouch! That really hurt!
You feel drained.
* * * LOW HITPOINT WARNING * * *
You tentacle-slap Terence.
Terence is lightly wounded.
You constrict Terence.
Terence hits you with the +7 Throatcutter {drain, coup de grace}!
You die...
Terence says, "Rest in peace."

#.. #..
#.# #.#
#<# #.#
#.#
#.#######.
#.h@......
#########.


You could see Terence.

Vanquished Creatures
  2 dart slugs (D:1)
  An endoplasm (D:1)
  A hobgoblin (D:1)
  6 jackals (D:1)
  A quokka (D:1)
  5 ball pythons (D:1)
  2 bats (D:1)
  A kobold (D:1)
  4 rats (D:1)
23 creatures vanquished.

Notes
Turn   | Place    | Note
-------+----------+-------------------------------------------
     0 | D:1      | Killerpretzel the Octopode Shapeshifter began the quest for
                  | the Orb.
     0 | D:1      | Reached XP level 1. HP: 13/13 MP: 1/1
   158 | D:1      | Reached XP level 2. HP: 18/18 MP: 2/2
   613 | D:1      | Reached XP level 3. HP: 23/23 MP: 3/3
   925 | D:2      | Noticed Terence
   929 | D:2      | Slain by Terence

Illustrated notes

Levels and vault maps discovered:
D:1:      spicycebolla_arrival_ecumenical, layout_basic,
          dreamdust_mushroom_princess, minmay_misc_feat_cross
D:2:      minmay_door_path, layout_loops_ring, uniq_terence

Action                     || total
---------------------------++-------
  Melee: Unarmed           ||    40
         Tentacles         ||    14
         Constrict         ||    14
    Use: Scroll            ||     2
   Stab: Sleeping          ||     7
 Armour: Skin              ||    16
  Dodge: Dodged            ||    20
